Map: Romanticide LE

Players

JimRising

  • Race: Zerg Zerg
  • League: Grandmaster

Kelazhur - Winner!

  • Race: Terran Terran

Event: DreamHack SC2 Masters 2021 Summer

VOD

Have the link to the VOD?

Description

Time

  • Played on: May 19, 2021, 5:08 p.m.
  • Length: 9:57

All games in this series

Show
View Real Time Build Order
Export as new Build Order

JimRising Zerg 

Build Orders: Hatch First, Muta Ling Bane 

Get SALT Encoding   

  12  0:00  Drone  
  13  0:13  Overlord  
  13  0:18  Drone  
  14  0:32  Drone x2  
  16  0:50  Hatchery  
  16  0:55  Drone x2  
  17  0:58  Drone  
  17  1:03  Extractor  
  17  1:07  Drone  
  18  1:19  Spawning Pool  
  18  1:22  Drone  
  18  1:31  Drone  
  19  1:41  Drone  
  20  1:49  Overlord  
  20  2:06  Queen x2  
  24  2:08  Metabolic Boost  
  24  2:10  Zergling x2  
  24  2:11  Zergling x2  
  24  2:14  Drone x2  
  29  2:22  Drone  
  29  2:26  Spore Crawler  
  28  2:30  Extractor, Drone  
  28  2:35  Drone x2  
  32  2:43  Spore Crawler  
  30  2:44  Queen  
  30  2:49  Queen  
  30  2:50  Overlord  
  35  2:54  Overlord  
  35  3:07  Drone  
  35  3:08  Overlord  
  36  3:13  Drone x2  
  36  3:16  Drone x4  
  36  3:17  Drone x2  
  36  3:19  Drone  
  45  3:23  Drone  
  45  3:34  Drone  
  45  3:35  Drone  
  47  3:44  Hatchery  
  47  3:46  Roach Warren  
  47  3:48  Zergling x4  
  47  3:57  Drone x4  
  47  3:58  Drone  
  52  4:04  Lair  
  52  4:10  Drone x3  
  52  4:11  Extractor, Overlord  
  52  4:14  Spore Crawler  
  52  4:16  Spore Crawler  
  52  4:21  Overlord x2  
  52  4:28  Overlord x2  
  52  4:33  Roach x3  
  52  4:35  Roach  
  60  4:43  Roach x2  
  64  4:46  Drone x2  
  66  4:55  Drone  
  66  4:56  Drone  
  66  4:57  Drone  
  66  4:59  Spore Crawler  
  68  5:01  Roach x4  
  72  5:08  Roach x3  
  74  5:14  Roach  
  74  5:17  Zergling x2, Roach  
  74  5:18  Queen  
  78  5:24  Roach  
  74  5:31  Roach  
  74  5:32  Zergling x4  
  74  5:34  Queen, Drone  
  73  5:39  Drone  
  73  5:40  Drone  
  72  5:49  Overlord x2  
  72  5:58  Extractor  
  72  6:01  Extractor x3, Overlord  
  68  6:07  Queen x2  
  68  6:09  Drone x4  
  68  6:11  Drone  
  77  6:12  Drone x3  
  77  6:13  Drone  
  77  6:15  Overlord  
  81  6:19  Overseer  
  81  6:24  Drone, Spire  
  81  6:25  Drone x2  
  83  6:36  Drone x2  
  83  6:37  Drone  
  86  6:40  Drone  
  86  6:42  Drone x3  
  86  6:43  Baneling Nest, Drone x3  
  86  6:45  Drone  
  93  6:53  Drone  
  94  6:59  Drone x2  
  96  7:05  Hatchery  
  95  7:08  Overlord  
  95  7:09  Overlord x2  
  95  7:15  Overlord  
  95  7:27  Overlord x2  
  95  7:31  Queen  
  95  7:32  Hatchery  
  96  7:38  Mutalisk  
  96  7:39  Mutalisk x8  
  96  7:42  Mutalisk  
  96  7:43  Overlord  
  111  7:53  Mutalisk x2  
  111  7:54  Mutalisk  
  111  7:55  Overlord, Drone  
  111  7:56  Drone  
  111  7:58  Drone x2  
  121  8:10  Mutalisk  
  121  8:11  Mutalisk  
  121  8:12  Zergling x12  
  131  8:17  Centrifical Hooks  
  131  8:21  Extractor  
  131  8:22  Drone x3  
  131  8:23  Extractor, Spore Crawler  
  131  8:26  Overlord  
  131  8:27  Mutalisk  
  131  8:28  Zergling x2  
  131  8:33  Zergling x6  
  131  8:34  Zergling x2  
  136  8:36  Baneling x8  
  136  8:38  Zergling x4  
  134  8:42  Zergling x6  
  134  8:43  Zergling x2  
  136  8:48  Mutalisk x2  
  139  9:02  Drone x3  
  139  9:06  Drone x7  
  139  9:07  Mutalisk  
  139  9:08  Mutalisk  
  150  9:16  Mutalisk x3  
  146  9:17  Zergling x4  
  146  9:18  Zergling x4  
  150  9:24  Zergling x8  
  150  9:25  Zergling x2  
  150  9:28  Baneling x6  
  151  9:36  Zergling x6  
Show
View Real Time Build Order
Export as new Build Order

Kelazhur Terran - Winner!

Build Orders: Hellion Opening, Reaper Expand 

Get SALT Encoding   

  12  0:00  SCV  
  13  0:12  SCV  
  14  0:17  Supply Depot  
  14  0:24  SCV  
  15  0:38  SCV  
  15  0:39  Barracks  
  16  0:43  Refinery  
  16  0:50  SCV  
  17  1:02  SCV  
  18  1:15  SCV  
  19  1:27  Orbital Command  
  19  1:28  Reaper  
  20  1:40  Command Center  
  20  1:49  Supply Depot  
  20  1:54  SCV  
  21  1:59  Marine  
  22  2:03  Factory  
  22  2:11  SCV, Refinery  
  23  2:20  Barracks Reactor  
  23  2:23  SCV  
  24  2:35  SCV  
  25  2:47  SCV  
  26  2:51  Starport  
  26  2:53  Orbital Command  
  26  2:59  SCV  
  26  3:02  Hellion  
  26  3:03  Hellion  
  31  3:07  Barracks Tech Lab  
  31  3:11  SCV  
  32  3:19  SCV  
  33  3:24  Supply Depot, Hellion x2  
  33  3:25  SCV  
  40  3:27  Marauder  
  40  3:34  SCV  
  41  3:36  Viking  
  41  3:41  SCV  
  44  3:45  Concussive Shells  
  44  3:48  Hellion x2  
  49  3:49  Marauder  
  49  3:53  Supply Depot  
  50  4:02  SCV x2  
  52  4:06  Medivac  
  54  4:11  Marauder  
  54  4:12  Armory  
  56  4:18  Hellion x2  
  56  4:22  SCV  
  56  4:23  Supply Depot  
  61  4:31  SCV  
  62  4:34  SCV  
  63  4:39  Hellion  
  63  4:40  Hellion  
  63  4:43  SCV  
  68  4:46  SCV  
  68  4:47  Supply Depot  
  69  4:55  SCV  
  69  4:58  SCV  
  69  5:07  SCV  
  69  5:11  SCV  
  67  5:17  Banshee, Cloaking Field  
  67  5:19  SCV  
  67  5:20  Command Center  
  67  5:23  SCV  
  64  5:29  Barracks Tech Lab  
  64  5:31  SCV  
  64  5:35  SCV  
  59  5:42  Bunker  
  50  5:43  Factory Reactor, SCV, Barracks  
  50  5:44  Supply Depot  
  50  5:46  Barracks  
  50  5:47  SCV  
  50  5:48  Stimpack  
  53  5:50  Marauder  
  53  5:55  SCV  
  55  5:59  SCV  
  55  6:01  Refinery  
  55  6:02  Refinery, Engineering Bay  
  55  6:03  Engineering Bay  
  56  6:04  Banshee  
  56  6:08  SCV  
  60  6:11  SCV  
  61  6:19  Marine  
  61  6:20  SCV  
  61  6:23  SCV, Barracks  
  61  6:24  Barracks  
  64  6:29  Terran Infantry Weapons Level 1, Terran Infantry Armor Level 1, Factory Reactor  
  64  6:32  SCV, Orbital Command  
  65  6:34  Marine x2  
  65  6:38  SCV  
  68  6:40  Marine, Supply Depot  
  68  6:43  Marine x2  
  68  6:46  SCV  
  72  6:49  Supply Depot  
  72  6:50  SCV  
  72  6:52  Marine x2  
  75  6:57  Supply Depot  
  75  6:58  SCV, Marauder  
  78  7:01  Marine  
  78  7:02  SCV  
  78  7:03  Orbital Command  
  78  7:06  Barracks  
  78  7:07  Marine, Barracks  
  81  7:08  Barracks  
  81  7:10  SCV  
  81  7:11  Marine x2  
  81  7:13  Barracks Reactor  
  81  7:14  Barracks Reactor  
  84  7:18  SCV  
  84  7:22  SCV  
  84  7:27  Marine x2  
  84  7:29  SCV  
  90  7:30  SCV, Siege Tank  
  90  7:32  Medivac x2  
  90  7:34  SCV, Marine x3  
  99  7:41  SCV  
  100  7:45  Marine x2  
  100  7:49  Marine  
  103  7:52  Marine, Missile Turret, Marauder  
  103  7:54  Marine  
  103  7:55  Marine x6  
  103  7:56  Combat Shield, Missile Turret  
  113  8:01  Missile Turret  
  113  8:03  Marine x2, Medivac  
  113  8:04  Medivac  
  119  8:07  Siege Tank  
  119  8:08  Marine  
  119  8:09  Marine  
  124  8:19  Supply Depot x2  
  124  8:20  Marine x4, Supply Depot  
  124  8:21  Supply Depot  
  128  8:29  Marine x2  
  128  8:30  Marauder, Supply Depot, Marine  
  128  8:31  Marine  
  132  8:37  SCV  
  133  8:42  Marine, Medivac x2  
  136  8:51  Marine x4  
  137  8:58  Marine  
  137  8:59  Marine x6  
  137  9:00  Marine  
  145  9:03  Refinery  
  145  9:09  Marine  
  143  9:12  Medivac  
  144  9:17  Medivac  
  144  9:19  Marine x11, Siege Tank  
  160  9:24  Supply Depot  
  160  9:26  Marine, Supply Depot  
  160  9:37  Marine x7  
Tags
 
Add a new tag
Caveats
  • Supply blocks, unpowered buildings, or Contaminate may cause inaccurate times.
  • Supply counts are checked every 10 seconds.